 Dungeon Crawl Stone Soup version 0.25-a0-317-g5f8687bca5 (webtiles) character file.

Game seed: 6830910537998251791, levelgen mode: deterministic

288 DerDa the Magician (level 6, -2/36 HPs)
             Began as an Octopode Fire Elementalist on Dec 27, 2019.
             Killed from afar by an orc wizard (10 damage)
             ... with a magic dart
             ... on level 2 of the Dungeon.
             The game lasted 00:10:20 (1906 turns).

DerDa the Magician (Octopode Fire Elementalist)     Turns: 1906, Time: 00:10:20

Health: -2/36      AC:  1    Str:  7    XL:     6   Next: 31%
Magic:  8/12       EV: 13    Int: 20    God:
Gold:   72         SH:  0    Dex: 12    Spells: 0/13 levels left

rFire    . . .     SeeInvis .   j - +0 short sword
rCold    . . .     Gourm    .   (no shield)
rNeg     . . .     Faith    .   (helmet restricted)
rPois    .         Spirit   .   (no amulet)
rElec    .         Reflect  .   (no ring)
rCorr    .         Harm     .   (no ring)
MR       .....                  (no ring)
Stlth    +++.......             (no ring)
HPRegen  0.12/turn              (no ring)
MPRegen  0.13/turn              (no ring)
                                (no ring)
                                (no ring)

@: no status effects
A: almost no armour, stealthy swim, amphibious, 8 rings, constrict 8, camouflage
1, gelatinous body 1
a: no special abilities


You were on level 2 of the Dungeon.
You were not hungry.

You visited 1 branch of the dungeon, and saw 3 of its levels.
You also visited: Sewer.

You collected 72 gold pieces.

Inventory:

Hand Weapons
 j - a +0 short sword (weapon)
 o - a +5 club
 v - a +0 hunting sling
Missiles
 a - 45 bolts
 k - 42 stones
 m - 24 poisoned darts (quivered)
Wands
 f - a wand of iceblast (4)
Scrolls
 e - a scroll of random uselessness {unknown}
 i - a scroll of enchant weapon {unknown}
 l - a scroll of enchant armour {unknown}
 p - 4 scrolls of teleportation {unknown}
 q - a scroll of remove curse {unknown}
 t - a scroll of identify {unknown}
Potions
 c - 2 potions of agility {unknown}
 d - 5 potions of brilliance {unknown}
 g - a potion of berserk rage {unknown}
 h - 6 potions of heal wounds
 r - 3 potions of curing {unknown}
 s - 2 potions of might {unknown}
 u - a potion of flight {unknown}
Comestibles
 b - 4 rations
 n - 3 chunks of flesh


   Skills:
 - Level 2.0 Dodging
 - Level 2.6 Stealth
 * Level 4.4 Spellcasting
 + Level 2.9 Conjurations
 + Level 4.2 Fire Magic


You couldn't memorise any spells.
You knew the following spells:

 Your Spells              Type           Power        Failure   Level  Hunger
a - Foxfire               Conj/Fire      ###.         2%          1    None
b - Conjure Flame         Conj/Fire      ###.....     9%          3    ###....
c - Sticky Flame          Conj/Fire      ###.....     28%         4    ####...
d - Fireball              Conj/Fire      ###.......   61%         5    ######.

Your spell library contained the following spells:

 Spells                   Type           Power        Failure   Level  Hunger
 Inner Flame              Hex/Fire       ##......     16%         3    ###....


Dungeon Overview and Level Annotations

Branches:
Dungeon (3/15)              Sewer (visited)

Altars:


Innate Abilities, Weirdness & Mutations

You cannot wear most types of armour.
You are very stealthy in the water. (Stealth+)
You are amphibious.
You can wear up to eight rings at the same time.
You can use your tentacles to constrict eight enemies at once.
Your skin changes colour to match your surroundings (Stealth+).
Your rubbery body absorbs attacks. (AC +1, EV +1)


Message History

You hit the orc priest but do no damage.
The orc priest is almost dead.
You constrict the orc priest, but do no damage.
The orc wizard hits you with a +0 dagger.
* * * LOW HITPOINT WARNING * * *
The orc priest barely misses you.
Casting: Foxfire (safe; 3% risk of failure)
Confirm with . or Enter, or press ? or * to list all spells.
You conjure some foxfire!
You constrict the orc priest.
The orc wizard hits you with a +0 dagger.
* * * LOW HITPOINT WARNING * * *
You hit the orc priest.
You kill the orc priest!
The foxfire hits the orc wizard.
The orc wizard is lightly wounded.
The foxfire hits the orc wizard but does no damage.
The orc wizard is lightly wounded.
The orc wizard casts a spell at you. The magic dart hits you!
You die...

#......# #.#ooo..
#.#÷..#### #.#o#o..
##†.####.. #.#o...
#..# #.# #.#... .
#..# #.# #.#.. ..
#..# #.#####.#.#...
##..# #..)o...#.....
#...####..####.o(....
###..§@)....#
#####...
#....§.o##..# #
#..........##
#.......##.########
###...####.........
#...# #.########
##### #.# #.# #..


You could see an orc wizard.

Vanquished Creatures
  A big kobold (Sewer)
  An orc priest (D:2)
  An orc wizard (D:2)
  Ijyb (D:3)
  4 river rats (Sewer)
  2 adders (Sewer)
  2 worms (D:3)
  2 dart slugs (D:1)
  2 leopard geckos
  5 ball pythons
  3 bats
  2 giant cockroaches
  4 goblins
  4 hobgoblins (D:1)
  4 jackals (D:3)
  A quokka (D:3)
  3 frilled lizards
  19 kobolds
  24 rats
85 creatures vanquished.

Vanquished Creatures (others)
  156 foxfires
156 creatures vanquished.

Grand Total: 241 creatures vanquished

Notes
Turn   | Place    | Note
-------+----------+-------------------------------------------
     0 | D:1      | DerDa the Octopode Fire Elementalist began the quest for
                  | the Orb.
     0 | D:1      | Reached XP level 1. HP: 11/11 MP: 3/3
   230 | D:1      | Reached XP level 2. HP: 17/17 MP: 0/5
   621 | D:1      | Reached XP level 3. HP: 20/21 MP: 7/7
   788 | D:2      | Learned a level 3 spell: Conjure Flame
   851 | D:2      | You fall into a shaft and drop 1 floor!
   857 | D:3      | Noticed Ijyb
   865 | D:3      | Killed Ijyb
   935 | D:3      | Found a glowing drain.
   941 | D:3      | Reached XP level 4. HP: 23/27 MP: 8/8
   985 | Sewer    | Entered a sewer
  1365 | Sewer    | Reached XP level 5. HP: 31/31 MP: 1/10
  1637 | Sewer    | Noticed a big kobold
  1646 | Sewer    | Killed a big kobold
  1646 | Sewer    | Reached XP level 6. HP: 36/36 MP: 3/12
  1871 | D:2      | Learned a level 4 spell: Sticky Flame
  1884 | D:2      | Learned a level 5 spell: Fireball
  1906 | D:2      | Killed from afar by an orc wizard

Levels and vault maps discovered:
D:1:      scummos_arrival_star, layout_loops_ring
D:2:      cheibrodos_pilgrimage, layout_loops_ring
D:3:      layout_loops_ring, overflow_temple_1_default,
          cheibrodos_sewer_entry_sluice, first_ration, serial_forest,
          infiniplex_forest_straight_4, infiniplex_forest_3_way,
          infiniplex_forest_clump_diagonal, infiniplex_forest_clump_double,
          infiniplex_forest_end_3, infiniplex_forest_straight_2,
          infiniplex_forest_corner_1, minmay_misc_feat_roman, uniq_ijyb,
          uniq_grinder, uniq_sigmund, uniq_crazy_yiuf_cottage, uniq_jessica

Skill      XL: |  1  2  3  4  5 |
---------------+----------------+-----
Spellcasting   | 3 4 |  4.4
Conjurations   | 2 |  2.9
Fire Magic     | 4 |  4.2
Dodging        | |  2.0
Stealth        | |  2.6

Action                   |  1- 3 |  4- 6 || total
-------------------------+-------+-------++-------
Melee: Unarmed           |    15 |       ||    15
       Constrict         |    12 |     9 ||    21
       Tentacles         |     4 |     5 ||     9
       Short sword       |    13 |    28 ||    41
Throw: Dart              |       |     1 ||     1
 Cast: Foxfire           |    24 |    70 ||    94
  Use: Potion            |       |     2 ||     2
 Stab: Sleeping          |     3 |       ||     3
  Eat: Chunk             |       |     3 ||     3
Armor: Skin              |     5 |     1 ||     6
Dodge: Dodged            |    18 |    31 ||    49

Table legend:
 A = Non-vault XP
 B = Vault XP
 C = Vault XP percentage of total XP
 D = Non-vault monster count
 E = Vault monster count
 F = Vault count percentage of total count
                 A         B        C        D         E       F
            +---------+---------+-------+---------+---------+-------
      Total |      61 |     351 |  85.2 |      32 |      53 |  62.4
            +---------+---------+-------+---------+---------+-------
        D:1 |      39 |       0 |   0.0 |      20 |       0 |   0.0
        D:2 |       9 |      78 |  89.7 |       5 |       2 |  28.6
        D:3 |      13 |      43 |  76.8 |       7 |       3 |  30.0
      Sewer |       0 |     230 | 100.0 |       0 |      48 | 100.0
            +---------+---------+-------+---------+---------+-------
